 Dungeon Crawl Stone Soup version 0.26-a0-30-g56b8cd3df0 (webtiles) character file.

Game seed: 2440518349292975944, levelgen mode: deterministic

4939 Irenicus the Geomancer (level 10, 0/75 HPs)
             Began as a Deep Dwarf Earth Elementalist on May 30, 2020.
             Was an Initiate of Makhleb.
             Slain by a hippogriff (6 damage)
             ... on level 8 of the Dungeon.
             The game lasted 00:50:36 (4255 turns).

Irenicus the Geomancer (DDEE)                       Turns: 4255, Time: 00:50:37

Health: 0/75       AC:  2    Str: 12    XL:     10   Next: 28%
Magic:  11/22 (13) EV: 16    Int: 19    God:    Makhleb [......]
Gold:   263        SH:  5    Dex: 13    Spells: 2/13 levels left

rFire    . . .     SeeInvis .   g - +7 dagger (freeze)
rCold    . . .     Gourm    .   q - +0 buckler
rNeg     . . .     Faith    .   D - +0 leather armour {MR+}
rPois    .         Spirit   .   x - +0 hat of the Gloaming {Regen+}
rElec    .         Reflect  .   C - +0 cloak
rCorr    .         Harm     .   (no gloves)
MR       ++...                  (no boots)
Stlth    ++........             (no amulet)
HPRegen  0.00/turn              c - ring of magical power {MP+9}
MPRegen  0.18/turn              A - +4 ring of evasion

@: non-regenerating
A: damage resistance, heal wounds, hooves 1, deformed body, sense surroundings
2, no regeneration
a: Heal Wounds, Renounce Religion


You were on level 8 of the Dungeon.
You worshipped Makhleb.
Makhleb was noncommittal.
You were very hungry.

You visited 2 branches of the dungeon, and saw 9 of its levels.

You collected 263 gold pieces.

Inventory:

Hand Weapons
 g - a +7 dagger of freezing (weapon)
   (You took it off an orc wizard on level 2 of the Dungeon)
 h - a +0 war axe of flaming
   (You took it off an orc on level 2 of the Dungeon)
 v - a +0 short sword of speed
   (You took it off an orc on level 5 of the Dungeon)
Missiles
 b - 26 stones (quivered)
Armour
 q - a +0 buckler (worn)
   (You found it on level 5 of the Dungeon)
 x - the +0 hat of the Gloaming (worn) {Regen+}
   (You found it on level 6 of the Dungeon)

   It increases your rate of regeneration.
 C - a +0 cloak (worn)
   (You took it off Crazy Yiuf on level 7 of the Dungeon)
 D - a +0 leather armour of magic resistance (worn)
   (You found it on level 8 of the Dungeon)
Jewellery
 c - a ring of magical power (left hand) {MP+9}
   (You found it on level 2 of the Dungeon)
 p - an uncursed ring of teleportation {+/*tele, !d}
   (You found it on level 5 of the Dungeon)
 A - a +4 ring of evasion (right hand)
   (You found it on level 6 of the Dungeon)
Wands
 y - a wand of iceblast (7)
   (You found it on level 6 of the Dungeon)
 z - a wand of clouds (5)
   (You found it on level 6 of the Dungeon)
Scrolls
 j - a scroll of magic mapping {!r}
 k - a scroll of remove curse
 o - a scroll of blinking {unknown}
 s - a scroll of fog {unknown}
 t - a scroll of teleportation
 w - a scroll of immolation {unknown}
 B - a scroll of enchant armour {unknown}
Potions
 a - 2 potions of berserk rage {!q}
 e - a potion of heal wounds
 f - a potion of might
 i - a potion of cancellation
 l - a potion of lignification {!q}
 m - a potion of flight
 n - 3 potions of curing
 r - a potion of resistance
 u - 2 potions of invisibility
Comestibles
 d - 13 rations


   Skills:
 - Level 1.6 Short Blades
 - Level 2.0 Axes
 - Level 2.1 Dodging
 - Level 2.4 Stealth
 - Level 6.9 Shields
 - Level 2.1 Spellcasting
 + Level 3.9 Conjurations
 + Level 3.8 Transmutations
 + Level 14.9 Earth Magic


You had 2 spell levels left.
You knew the following spells:

 Your Spells              Type           Power        Failure   Level  Hunger
a - Sandblast             Erth           ######       1%          1    #......
w - Passwall              Tmut/Erth      #####...     1%          2    ##.....
x - Stone Arrow           Conj/Erth      #####.       1%          3    ###....
z - Lee's Rapid Deconstr  Erth           ######....   1%          5    ######.

Your spell library contained the following spells:

 Spells                   Type           Power        Failure   Level  Hunger
 Beastly Appendage        Tmut           ###...       4%          1    #......
 Sticks to Snakes         Tmut           ###.....     6%          2    ##.....
 Petrify                  Tmut/Erth      #####...     4%          4    #####..
 Spider Form              Tmut/Pois      #.........   28%         3    ###....
 Ice Form                 Ice/Tmut       #.......     67%         4    #####..
 Blade Hands              Tmut           ###.......   75%         5    ######.


Dungeon Overview and Level Annotations

Branches:
Dungeon (8/15)             Temple (1/1) D:7
   Lair: D:8-11

Altars:
Ashenzari
Cheibriados
Dithmenos
Elyvilon
Fedhas
Hepliaklqana
Makhleb
Nemelex Xobeh
Okawaru
Ru
Sif Muna
Trog
Uskayaw
Vehumet
Wu Jian
Xom
Zin
The Shining One

Shops:
D:5 !


Innate Abilities, Weirdness & Mutations

You are resistant to damage.
You can heal yourself by infusing magical energy.
You passively map the area around you.
You do not regenerate.
You have large cloven feet.
Armour fits poorly on your strangely shaped body.


Message History

Okay, then.
The blast of sand hits something!!
Makhleb accepts your kill.
Reactivating autopickup.
You feel a bit more experienced.
b - 32 stones You now have 16/22 mp.
You start resting.
Eating a chunk of flesh {@w0}.
You eat the chunk of flesh {@w0}.
The giant cockroach is too close now for your liking.
You regained 2 mp, and now have 18/22 mp.
Aim: a giant cockroach (wandering, hasn't noticed you)
The blast of sand hits the giant cockroach!
You kill the giant cockroach!
Makhleb accepts your kill.
b - 31 stones You start resting.
MP restored: 22 You start waiting.
Your transformation is almost over.
You start waiting.
You feel less wooden.
Your +0 cloak unmelds from your body.
The +0 hat of the Gloaming {Regen+} unmelds from your body.
Your +0 leather armour of magic resistance unmelds from your body.
You feel resistant to hostile enchantments.
You now have 15/75 hp.
You see here a giant cockroach corpse.
Found a stone staircase leading up.
An orc comes into view. It is wielding a +0 short sword.
A leopard gecko comes into view.
Aim: a leopard gecko (asleep)
The blast of sand hits the leopard gecko!!
You kill the leopard gecko!
Makhleb accepts your kill.
b - 30 stones You now have 21/22 mp.
The orc shouts!
Aim: an orc, wielding a +0 short sword The blast of sand hits the orc.
b - 29 stones You block the orc's attack.
You now have 20/22 mp.
Aim: an orc, wielding a +0 short sword (heavily wounded)
The blast of sand hits the orc!
You kill the orc!
Makhleb accepts your kill.
b - 28 stones You now have 246 gold pieces (gained 15).
MP restored: 22 You see here 18 sling bullets.
A rock wall.
You begin to meditate on the wall.
You continue meditating on the rock. x2
You finish merging with the rock.
You now have 20/22 mp.
Found an escape hatch in the ceiling.
MP restored: 22
There is an escape hatch in the ceiling here.
e - a scroll of identify
As you read the scroll of identify, it crumbles to dust.
a - 2 potions of berserk rage
e - a potion of heal wounds You pick up a book of Changes and begin reading...
You add the spells Beastly Appendage, Sticks to Snakes, Spider Form, Ice Form and Blade Hands to your library.
Okay, then.
You now have 263 gold pieces (gained 17).
A sky beast comes into view.
Aim: a sky beast The blast of sand hits the sky beast.
b - 27 stones The sky beast flickers out of sight!
Deactivating autopickup; reactivate with Ctrl-A.
Something hits you. Something shocks you.
* * * LOW HITPOINT WARNING * * *
You take 4 damage, and have 11/75 hp.
You now have 21/22 mp.
Okay, then.
A rock wall.
The wall shatters!
The blast of rock fragments hits something!!
Makhleb accepts your kill.
Reactivating autopickup.
You feel a bit more experienced.
You are feeling hungry.
You hear a screech!
You now have 16/22 mp.
A hippogriff comes into view.
The hippogriff screeches!
A rock wall.
Okay, then.
A rock wall.
The wall shatters!
The blast of rock fragments hits the hippogriff!!
You are feeling very hungry.
You now have 12/22 mp.
The blast of sand hits the hippogriff!
b - 26 stones The hippogriff bites you.
* * * LOW HITPOINT WARNING * * *
The hippogriff barely misses you. The hippogriff claws you!
You die...

##.## #.# * , *##, ,......#
##.)# #..#* * , ,..
*#....... †...##.#..# #.##
#..##... #.....###..###
**...# ##...... ##...##
#.!#. *#... ##.####
##....## #....*##..# * #.#*
# #......# #...##..# .# ##,
#...###[.##....H.## #.##. *
....# #......##@.# #..#.
...##* ......#
##.######...###### ...# *
...#.# ##...............
##.....## #.#
#.#####...#.....# ####..#
#.#####.# # *#....## #
*#.#####.......# ##. #..###
#...........#..###...##..#
#
...........###...........##
#
###.......###............##


You could see a hippogriff.

Vanquished Creatures
  An unseen horror (D:8)
  Pikel (D:7)
  A troll (D:7)
  Sigmund (D:3)
  A hungry ghost (D:8)
  Menkaure (D:4)
  4 sky beasts
  An orc warrior (D:7)
  4 phantoms
  An ice beast (D:7)
  3 ogres
  4 centaurs
  A big kobold (D:6)
  Blork the orc (D:6)
  5 bullfrogs
  2 scorpions
  3 crimson imps
  2 bullfrog zombies
  2 jellies
  3 iron imps (D:7)
  5 orc priests
  2 hounds
  10 orc wizards
  Crazy Yiuf (D:7)
  A centaur skeleton (D:7)
  2 iguanas (D:6)
  Natasha (thrice) (D:4)
  3 worker ants
  A hound skeleton (D:6)
  A howler monkey zombie (D:7)
  A worker ant zombie (D:5)
  4 gnolls (D:4)
  7 adders
  A shadow imp (D:5)
  An ooze (D:3)
  4 worms
  4 dart slugs
  2 leopard geckos
  29 orcs
  2 ball pythons
  2 giant cockroaches
  14 goblins
  10 hobgoblins
  7 jackals
  3 quokkas
  11 bats
  6 frilled lizards
  A jackal skeleton (D:8)
  7 kobolds
  2 quokka skeletons
  A quokka zombie (D:6)
  3 rats (D:3)
193 creatures vanquished.

Notes
Turn   | Place    | Note
-------+----------+-------------------------------------------
     0 | D:1      | Irenicus the Deep Dwarf Earth Elementalist began the quest
                  | for the Orb.
     0 | D:1      | Reached XP level 1. HP: 15/15 MP: 3/3
    94 | D:1      | Reached skill level 2 in Spellcasting
   126 | D:1      | Reached XP level 2. HP: 17/22 MP: 3/5
   231 | D:1      | meem: I'm meem, an infobot run by MalcolmRoseGaming: Type
                  | !submeem to keep me in your games; !nomeem to shut me up
                  | forever; !meem for help; !whymeem if you want to know why
                  | meem exists. Visit http://youtube.com/malcolmrosegaming for
                  | more DCSS content.
   292 | D:1      | Irenicus: !nomeem
   292 | D:1      | meem: Unsubscribed. Meem still loves you, but I will no
                  | longer watch games of user Irenicus. Bye!
   430 | D:2      | Found a sacrificial altar of Ru.
   462 | D:2      | Reached skill level 1 in Axes
   462 | D:2      | Reached skill level 5 in Earth Magic
   462 | D:2      | Reached XP level 3. HP: 14/28 MP: 4/6
   491 | D:2      | Reached skill level 2 in Axes
   503 | D:2      | Learned a level 3 spell: Stone Arrow
   528 | D:2      | Learned a level 2 spell: Passwall
   874 | D:2      | Reached skill level 1 in Transmutations
   874 | D:2      | Reached XP level 4. HP: 18/36 MP: 7/7
  1005 | D:3      | Noticed Sigmund
  1009 | D:3      | Killed Sigmund
  1009 | D:3      | Reached skill level 2 in Conjurations
  1009 | D:3      | Reached skill level 6 in Earth Magic
  1009 | D:3      | Reached XP level 5. HP: 17/42 MP: 8/8
  1067 | D:3      | Found a hazy altar of Hepliaklqana.
  1098 | D:3      | Reached skill level 7 in Earth Magic
  1098 | D:3      | Reached XP level 6. HP: 19/49 MP: 5/9
  1137 | D:3      | HP: 12/49 [hobgoblin/+0 club (3)]
  1145 | D:3      | HP: 7/49 [orc/+0 mace (5)]
  1474 | D:3      | Reached skill level 3 in Conjurations
  1623 | D:4      | Noticed Natasha
  1626 | D:4      | Killed Natasha
  1690 | D:4      | Reached skill level 8 in Earth Magic
  1723 | D:4      | HP: 5/49 [scorpion (2)]
  1725 | D:4      | Reached XP level 7. HP: 5/55 MP: 2/10
  1765 | D:4      | Noticed Natasha
  1772 | D:4      | Killed Natasha
  1797 | D:4      | Noticed Natasha
  1800 | D:4      | Killed Natasha
  1800 | D:4      | Reached skill level 9 in Earth Magic
  1884 | D:4      | Noticed Menkaure
  1892 | D:4      | Killed Menkaure
  1912 | D:4      | Reached skill level 10 in Earth Magic
  2016 | D:5      | Entered Level 5 of the Dungeon
  2024 | D:5      | Found Buamaufo's Distillery.
  2144 | D:5      | Reached skill level 11 in Earth Magic
  2196 | D:5      | Reached XP level 8. HP: 23/62 MP: 5/11
  2329 | D:5      | Reached skill level 12 in Earth Magic
  2509 | D:5      | Reached skill level 1 in Short Blades
  2509 | D:5      | Reached skill level 13 in Earth Magic
  2612 | D:6      | Reached skill level 1 in Shields
  2613 | D:6      | Irenicus: ?? temple
  2613 | D:6      | beem: ecumenical temple[1/5]: Accessed from the main
                  | dungeon somewhere between levels 4 and 7. Is notable mainly
                  | for a complete lack of monster spawning as well as
                  | potentially containing an altar to almost every deity in
                  | the game.
  2640 | D:6      | Reached skill level 2 in Shields
  2653 | D:6      | Gained mutation: You passively map the area around you.
                  | [Deep Dwarf growth]
  2653 | D:6      | Reached XP level 9. HP: 23/68 MP: 12/12
  2656 | D:6      | Got a smoking hat
  2665 | D:6      | Identified the cursed +0 hat of the Gloaming {Regen+} (You
                  | found it on level 6 of the Dungeon)
  2747 | D:6      | Reached skill level 3 in Shields
  2850 | D:6      | HP: 14/68 [centaur/arrow (4)]
  2856 | D:6      | Reached skill level 4 in Shields
  2873 | D:6      | Learned a level 5 spell: Lee's Rapid Deconstruction
  2938 | D:6      | HP: 10/68 [orc priest/divine providence (5)]
  2939 | D:6      | Noticed Blork the orc
  2944 | D:6      | Killed Blork the orc
  3196 | D:7      | Reached skill level 5 in Shields
  3246 | D:7      | Found a white marble altar of Elyvilon.
  3281 | D:7      | Found a staircase to the Ecumenical Temple.
  3281 | D:7      | Noticed Pikel
  3292 | D:7      | Killed Pikel
  3292 | D:7      | Reached skill level 6 in Shields
  3292 | D:7      | Reached skill level 14 in Earth Magic
  3310 | Temple   | Entered the Ecumenical Temple
  3397 | D:7      | Found a runed translucent door.
  3398 | D:7      | Noticed Crazy Yiuf
  3404 | D:7      | Killed Crazy Yiuf
  3526 | D:7      | HP: 16/68 [ice beast (12)]
  3645 | D:7      | Reached skill level 2 in Transmutations
  3649 | D:7      | Found a burning altar of Makhleb.
  3666 | D:7      | Became a worshipper of Makhleb the Destroyer
  3716 | D:7      | Noticed a troll
  3720 | D:7      | Killed a troll
  3744 | D:7      | Reached XP level 10. HP: 27/75 MP: 1/13
  3879 | D:8      | Reached skill level 3 in Transmutations
  3891 | D:8      | HP: 15/75 [bullfrog (3)]
  3905 | D:8      | Gained mutation: Armour fits poorly on your strangely
                  | shaped body. [potion of mutation]
  3905 | D:8      | Gained mutation: You have large cloven feet. [potion of
                  | mutation]
  3960 | D:8      | HP: 7/75 [bullfrog (2)]
  3975 | D:8      | HP: 3/75 [something (4)]
  3982 | D:8      | Killed an unseen horror
  4249 | D:8      | HP: 11/75 [something (4)]
  4255 | D:8      | HP: 6/75 [hippogriff (5)]
  4255 | D:8      | Slain by a hippogriff

Illustrated notes

Levels and vault maps discovered:
D:1:      tarquinn_simple_flora_water_a, layout_basic, minmay_stone_trees_large
D:2:      layout_loops_ring, chequers_serial_rivers_micro_a,
          nicolae_ru_path_of_blood
D:3:      layout_loops_ring, lemuel_coloured_pillars_altar, first_ration,
          minmay_quadrilaterals, uniq_sigmund
D:4:      layout_loops_ring, minmay_ogre_servants, uniq_natasha, uniq_menkaure
D:5:      layout_gridville, serial_shops, shop
D:6:      layout_loops_ring, uniq_blork_the_orc
D:7:      layout_basic, demons_altar, overflow_temple_1_default,
          minmay_temple_entry_stoned_glass, uniq_crazy_yiuf_cottage, uniq_pikel
D:8:      layout_layer_cave
Temple:   eino_temple_water

Skill      XL: |  1  2  3  4  5  6  7  8  9 10 |
---------------+-------------------------------+-----
Spellcasting   | 2 |  2.1
Axes           | 1 2 |  2.0
Earth Magic    | 5 6 7 8 11 13 14 | 14.9
Transmutations | 1 2 3 |  3.8
Conjurations   | 2 3 |  3.9
Short Blades   | 1 |  1.6
Shields        | 2 6 |  6.9
Dodging        | |  2.1
Stealth        | |  2.4

Action                   |  1- 3 |  4- 6 |  7- 9 | 10-12 || total
-------------------------+-------+-------+-------+-------++-------
Melee: Hand axe          |    26 |       |       |       ||    26
       Mace              |     1 |       |       |       ||     1
       War axe           |     7 |    17 |       |       ||    24
       Dagger            |       |    14 |    40 |     2 ||    56
 Cast: Sandblast         |    20 |    62 |   118 |    22 ||   222
       Passwall          |    10 |    13 |    34 |     2 ||    59
       Stone Arrow       |       |     6 |    28 |     8 ||    42
       Lee's Rapid Decon |       |       |     9 |     2 ||    11
 Abil: Heal Wounds       |       |       |       |     1 ||     1
Evoke: Wand              |       |       |     1 |     1 ||     2
  Use: Scroll            |       |     2 |    11 |     2 ||    15
       Potion            |       |     1 |     6 |     4 ||    11
 Stab: Sleeping          |     3 |     3 |     5 |       ||    11
  Eat: Chunk             |       |     5 |    11 |     2 ||    18
       Ration            |       |       |     2 |       ||     2
Armor: Robe              |    11 |       |       |       ||    11
       Leather armour    |     3 |    10 |     6 |       ||    19
       Skin              |       |       |     8 |     4 ||    12
Dodge: Dodged            |    39 |    22 |    48 |     5 ||   114
Block: Buckler           |       |       |    14 |     3 ||    17

Table legend:
 A = Non-vault XP
 B = Vault XP
 C = Vault XP percentage of total XP
 D = Non-vault monster count
 E = Vault monster count
 F = Vault count percentage of total count
                 A         B        C        D         E       F
            +---------+---------+-------+---------+---------+-------
      Total |    5583 |    1474 |  20.9 |     171 |      22 |  11.4
            +---------+---------+-------+---------+---------+-------
        D:1 |      26 |       0 |   0.0 |      15 |       0 |   0.0
        D:2 |      97 |       0 |   0.0 |      14 |       0 |   0.0
        D:3 |     120 |     230 |  65.7 |      29 |       5 |  14.7
        D:4 |     299 |     345 |  53.6 |      13 |      11 |  45.8
        D:5 |    1415 |       0 |   0.0 |      31 |       0 |   0.0
        D:6 |    1049 |      82 |   7.3 |      34 |       1 |   2.9
        D:7 |    1165 |     817 |  41.2 |      24 |       5 |  17.2
        D:8 |    1412 |       0 |   0.0 |      11 |       0 |   0.0
            +---------+---------+-------+---------+---------+-------

Levels and vault maps discovered:
D:1:      tarquinn_simple_flora_water_a, layout_basic, minmay_stone_trees_large
D:2:      layout_loops_ring, chequers_serial_rivers_micro_a,
          nicolae_ru_path_of_blood
D:3:      layout_loops_ring, lemuel_coloured_pillars_altar, first_ration,
          minmay_quadrilaterals, uniq_sigmund
D:4:      layout_loops_ring, minmay_ogre_servants, uniq_natasha, uniq_menkaure
D:5:      layout_gridville, serial_shops, shop
D:6:      layout_loops_ring, uniq_blork_the_orc
D:7:      layout_basic, demons_altar, overflow_temple_1_default,
          minmay_temple_entry_stoned_glass, uniq_crazy_yiuf_cottage, uniq_pikel
D:8:      layout_layer_cave
Temple:   eino_temple_water

Table legend:
 A = Turns spent in this place as a percentage of turns spent in the entire game.
 B = Non-inter-level travel turns spent in this place as a percentage of non-inter-level travel turns spent in the entire game.
 C = Inter-level travel turns spent in this place as a percentage of turns spent in this place.
 D = Turns resting spent in this place as a percentage of non-inter-level travel turns spent in this place.
 E = Turns spent auto-exploring this place as a percentage of non-inter-level travel turns spent in this place.
 F = Non-inter-level travel turns spent in this place divided by the number of levels of this place that you've seen.
                   A       B       C       D       E      F
               +-------+-------+-------+-------+-------+----------------------
         Total | 100.0 | 100.0 |   0.0 |   1.3 |   0.0 | 472.8
       Dungeon |  98.7 |  98.7 |   0.0 |   1.3 |   0.0 | 524.9
        Temple |   1.3 |   1.3 |   0.0 |   0.0 |   0.0 |  56.0
               +-------+-------+-------+-------+-------+----------------------

Table legend:
 A = Kills in this place as a percentage of kills in entire the game.
 B = Kills by you in this place as a percentage of kills by you in the entire game.
 C = Kills by friends in this place as a percentage of kills by friends in the entire game.
 D = Other kills in this place as a percentage of other kills in the entire game.
 E = Experience gained in this place as a percentage of experience gained in the entire game.
 F = Experience gained in this place divided by the number of levels of this place that you have seen.
                   A       B       C       D       E      F
               +-------+-------+-------+-------+-------+----------------------
         Total | 100.0 | 100.0 |   N/A |   N/A | 100.0 | 784.1
       Dungeon | 100.0 | 100.0 |   N/A |   N/A | 100.0 | 882.1
               +-------+-------+-------+-------+-------+----------------------
